Stars vs Blues

Created - November 5, 2019 at 19:33

Goals
1 2 3 T
Stars 0 0 4 4
Blues 0 1 1 2
Shots
1 2 3 T
Stars 9 10 18 37
Blues 12 17 12 41

1st period

No Goal

Penalties :
Jeff Skinner (STL) for Cross-checking (Minor) at 3:47, Brian Lee (Dal) for Hooking (Minor) at 6:29

2nd period

1. Blues , Nicklas Backstrom 2 (Filip Forsberg 2, Carey Price) at 1:46 (PP)

Penalties :
Michael Grabner (Dal) for Hooking (Minor) at 1:29, David Perron (STL) for Roughing (Minor) at 1:55, Dougie Hamilton (STL) for Holding (Minor) at 4:39

3rd period

2. Stars , John Tavares 4 (Michael Grabner 2, Ian White 1) at 1:13
3. Stars , Jussi Jokinen 3 (Ian White 2, Antoine Vermette 1) at 10:01 (PP)
4. Blues , Nicklas Backstrom 3 (Jordan Eberle 3, Alex Pietrangelo 4) at 11:29 (PP)
5. Stars , Alex Chiasson 1 (Johnny Oduya 2, Jussi Jokinen 4) at 14:34
6. Stars , Antoine Vermette 5 (Jussi Jokinen 5, Alex Chiasson 4) at 17:57

Penalties :
David Perron (STL) for Tripping (Minor) at 3:05, B.J. Crombeen (Dal) for High sticking (Minor) at 5:53, Jordan Eberle (STL) for Cross-checking (Minor) at 8:41, Michael Grabner (Dal) for Hooking (Minor) at 11:04, Brian Lee (Dal) for Holding (Minor) at 11:52, Alexander Frolov (Dal) for Hooking (Minor) at 18:19

Goalie Stats

Cory Schneider (Dal), 39 saves from 41 shots - (0.951), W, 4-2-0, 60:00 minutes
Carey Price (STL), 33 saves from 37 shots - (0.892), L, 1-5-0, 60:00 minutes

Players Stats for Stars

Player Name              G  A  P  +/- PIM S  H  SB GA TA FO     MP     PP MP  PK MP  
------------------------------------------------------------------------------------
Alex Chiasson            1  1  2   2  0   4  2  0  0  0  1/1    16:43   3:35   0:00 
Alexander Frolov         0  0  0   0  2   1  2  1  0  0  0/0    11:36   0:24   0:50 
Antoine Vermette         1  1  2   2  0   3  4  0  0  1  6/18   19:08   3:35   2:25 
B.J. Crombeen            0  0  0   0  2   0  0  0  0  0  0/0     5:30   0:11   0:00 
Boris Valabik            0  0  0   0  0   1  0  2  0  0  0/0    25:56   3:21   3:39 
Brian Lee                0  0  0   2  4   4  2  2  0  1  0/0    28:35   5:55   2:23 
Cam Atkinson             0  0  0   0  0   2  1  0  0  0  0/0     9:14   0:00   0:00 
Cory Emmerton            0  0  0   0  0   1  0  0  0  0  3/6    10:34   0:00   1:10 
Evgeny Grachev           0  0  0   0  0   1  0  0  1  0  1/3     5:20   0:00   0:00 
Guillaume Latendresse    0  0  0   1  0   1  3  0  2  0  0/3    24:55   5:17   5:04 
Ian White                0  2  2   2  0   4  1  2  1  1  0/0    29:43   5:55   5:04 
John Tavares             1  0  1   1  0   6  1  0  4  1  18/48  25:03   5:30   5:00 
Johnny Oduya             0  1  1   1  0   1  0  0  0  0  0/0    20:06   3:21   3:15 
Jussi Jokinen            1  2  3   2  0   6  2  0  0  0  1/4    18:52   3:35   2:09 
Michael Grabner          0  1  1   1  4   0  1  0  0  0  1/2    19:48   5:17   0:00 
Niklas Hjalmarsson       0  0  0   0  0   0  0  1  0  0  0/0     1:34   0:00   0:00 
Ted Purcell              0  0  0   0  0   0  0  0  0  0  0/0     5:44   0:24   0:00 
Tyson Barrie             0  0  0   1  0   2  0  0  1  0  0/0    13:14   0:00   2:17 

Players Stats for Blues

Player Name              G  A  P  +/- PIM S  H  SB GA TA FO     MP     PP MP  PK MP  
------------------------------------------------------------------------------------
Alex Pietrangelo         0  1  1   0  0   6  1  2  1  2  0/0    30:22   5:42   6:12 
Cody Ceci                0  0  0  -1  0   1  2  1  0  0  0/0    25:26   0:00   6:12 
David Perron             0  0  0  -2  4   4  3  1  2  0  0/0    18:43   3:20   0:11 
Dougie Hamilton          0  0  0  -2  2   0  2  3  0  2  0/0    15:51   2:37   0:00 
Drew Shore               0  0  0   0  0   3  2  0  0  0  3/5     8:46   0:00   2:47 
Filip Forsberg           0  1  1   0  0   1  2  0  0  0  3/3    20:38   4:50   2:20 
Jake Gardiner            0  0  0  -1  0   2  1  0  0  2  0/0    22:53   5:42   3:04 
Jeff Skinner             0  0  0  -1  2   2  3  0  0  0  1/1    10:12   0:00   1:37 
Jesper Fast              0  0  0   0  0   0  0  0  0  0  1/2     6:14   0:09   0:00 
Jordan Eberle            0  1  1  -2  2   3  2  0  0  1  0/1    23:58   4:50   4:18 
Linus Omark              0  0  0   0  0   2  0  0  0  0  0/0     5:59   0:00   0:00 
Nick Leddy               0  0  0  -1  0   0  0  0  0  0  0/0    11:41   2:37   0:00 
Nicklas Backstrom        2  0  2  -2  0   8  1  0  1  1  26/42  19:48   4:59   0:00 
Patrick Kaleta           0  0  0  -1  0   1  0  1  0  0  1/1    10:13   0:00   2:09 
Sam Gagner               0  0  0  -1  0   2  1  0  0  0  3/6    11:38   3:20   0:00 
Sergei Shirokov          0  0  0   0  0   5  2  1  0  0  0/1    16:10   3:20   0:00 
Travis Zajac             0  0  0   0  0   1  0  0  0  0  16/23  18:12   0:09   5:10 
Yann Sauvé               0  0  0  -1  0   0  0  0  0  1  0/0    13:55   0:00   3:04 

3 Stars

1 - Jussi Jokinen (Dal)
2 - Antoine Vermette (Dal)
3 - Alex Chiasson (Dal)

Power Play

Stars - 1 on 5 Attempt(s) - 20.00%
Blues - 2 on 6 Attempt(s) - 33.33%

Penalty Kill

Stars - 4 on 6 Attempt(s) - 66.67% - Score 0 goal in Penalty Kill
Blues - 4 on 5 Attempt(s) - 80.00% - Score 0 goal in Penalty Kill

Team Stat

Stars - Hits : 19 - Faceoff Wins : 31 - Blocked Shots : 8 - Penalty Minutes : 12
Blues - Hits : 22 - Faceoff Wins : 54 - Blocked Shots : 9 - Penalty Minutes : 10

Official

Referees : Unknown
Linesman : Unknown

Game Notes

Niklas Hjalmarsson is injured at 10:51 of 1st period (Upper Body)

Finance

Level 1 -- Attendance: 5089 (84.82%) -- Ticket Income $559,790
Level 2 -- Attendance: 3832 (76.64%) -- Ticket Income $275,904
Level 3 -- Attendance: 1686 (84.30%) -- Ticket Income $75,870
Level 4 -- Attendance: 3951 (98.78%) -- Ticket Income $118,530
Luxury Box -- Attendance: 787 (78.70%) -- Ticket Income $157,400
Game was played at the Scotttrade center.
Total Attendance: 15345 (85.25%)
Total Ticket Income: $1,187,494
Other Income: $178,124
Total Income: $1,365,618

Stars

5 vs 5 Forward 
   Center                   Left Wing                Right Wing               Time % Phy DF OF 
 1 John Tavares             Guillaume Latendresse    Michael Grabner          40     1   2  2  
 2 Antoine Vermette         Jussi Jokinen            Alex Chiasson            30     1   2  2  
 3 Cory Emmerton            Alexander Frolov         Cam Atkinson             20     1   2  2  
 4 Evgeny Grachev           Ted Purcell              B.J. Crombeen            10     1   2  2  

5 vs 5 Defense 
   Defense                  Defense                                           Time % Phy DF OF 
 1 Ian White                Brian Lee                                         40     1   2  2  
 2 Boris Valabik            Johnny Oduya                                      30     1   2  2  
 3 Niklas Hjalmarsson       Tyson Barrie                                      20     1   2  2  
 4 Ian White                Brian Lee                                         10     1   2  2  

PowerPlay Forward 
   Center                   Left Wing                Right Wing               Time % Phy DF OF 
 1 John Tavares             Guillaume Latendresse    Michael Grabner          60     0   2  3  
 2 Antoine Vermette         Jussi Jokinen            Alex Chiasson            40     0   2  3  

PowerPlay Defense
   Defense                  Defense                                           Time % Phy DF OF 
 1 Ian White                Brian Lee                                         60     0   2  3  
 2 Boris Valabik            Johnny Oduya                                      40     0   2  3  

Penalty Kill 4 Players Forward 
   Center                   Wing                     Time % Phy DF OF 
 1 John Tavares             Guillaume Latendresse    60     0   3  2  
 2 Jussi Jokinen            Antoine Vermette         40     0   3  2  

Penalty Kill 4 Players Defense
   Defense                  Defense                  Time % Phy DF OF 
 1 Ian White                Brian Lee                60     0   3  2  
 2 Boris Valabik            Johnny Oduya             40     0   3  2  

Penalty Kill - 3 Players Forward 
   Forward                                           Time % Phy DF OF 
 1 John Tavares                                      60     0   3  2  
 2 Guillaume Latendresse                             40     0   3  2  

Penalty Kill - 3 Players Defense
   Defense                  Defense                  Time % Phy DF OF 
 1 Ian White                Brian Lee                60     0   3  2  
 2 Boris Valabik            Johnny Oduya             40     0   3  2  

4 vs 4 Forward 
   Center                   Wing                     Time % Phy DF OF 
 1 John Tavares             Guillaume Latendresse    60     1   2  2  
 2 Jussi Jokinen            Antoine Vermette         40     1   2  2  

4 vs 4 Defense
   Defense                  Defense                  Time % Phy DF OF 
 1 Ian White                Brian Lee                60     1   2  2  
 2 Boris Valabik            Johnny Oduya             40     1   2  2  

Last Minutes Offensive
   Center                   Left Wing                Right Wing               Defense                  Defense                  
   John Tavares             Guillaume Latendresse    Michael Grabner          Ian White                Brian Lee                

Last Minutes Defensive
   Center                   Left Wing                Right Wing               Defense                  Defense                  
   John Tavares             Guillaume Latendresse    Michael Grabner          Ian White                Brian Lee                

Goaltenders
Starting : Cory Schneider           
Backup : Brian Elliott            

Extra Forwards
Normal : Alexander Frolov, Ted Purcell, Cory Emmerton - PP : Alexander Frolov, Ted Purcell - PK : Cory Emmerton
Extra Defensemen
Normal : Niklas Hjalmarsson, Tyson Barrie, Boris Valabik - PP : Niklas Hjalmarsson - PK : Tyson Barrie, Boris Valabik
Penalty Shots
John Tavares, Guillaume Latendresse, Jussi Jokinen, Antoine Vermette, Alexander Frolov

Scratches
Shawn Matthias (Healthy)

Blues

5 vs 5 Forward 
   Center                   Left Wing                Right Wing               Time % Phy DF OF 
 1 Nicklas Backstrom        David Perron             Jordan Eberle            40     1   2  2  
 2 Travis Zajac             Filip Forsberg           Sergei Shirokov          30     1   2  2  
 3 Sam Gagner               Jeff Skinner             Patrick Kaleta           20     1   2  2  
 4 Drew Shore               Linus Omark              Jesper Fast              10     1   2  2  

5 vs 5 Defense 
   Defense                  Defense                                           Time % Phy DF OF 
 1 Alex Pietrangelo         Cody Ceci                                         40     1   2  2  
 2 Dougie Hamilton          Jake Gardiner                                     30     1   2  2  
 3 Nick Leddy               Yann Sauvé                                        20     1   2  2  
 4 Jake Gardiner            Yann Sauvé                                        10     1   2  2  

PowerPlay Forward 
   Center                   Left Wing                Right Wing               Time % Phy DF OF 
 1 Nicklas Backstrom        Filip Forsberg           Jordan Eberle            60     1   2  2  
 2 Sam Gagner               David Perron             Sergei Shirokov          40     1   2  2  

PowerPlay Defense
   Defense                  Defense                                           Time % Phy DF OF 
 1 Alex Pietrangelo         Jake Gardiner                                     60     1   2  2  
 2 Nick Leddy               Dougie Hamilton                                   40     1   2  2  

Penalty Kill 4 Players Forward 
   Center                   Wing                     Time % Phy DF OF 
 1 Travis Zajac             Jordan Eberle            60     1   2  2  
 2 Drew Shore               Patrick Kaleta           40     1   2  2  

Penalty Kill 4 Players Defense
   Defense                  Defense                  Time % Phy DF OF 
 1 Alex Pietrangelo         Cody Ceci                60     1   2  2  
 2 Jake Gardiner            Yann Sauvé               40     1   2  2  

Penalty Kill - 3 Players Forward 
   Forward                                           Time % Phy DF OF 
 1 Drew Shore                                        60     1   2  2  
 2 Travis Zajac                                      40     1   2  2  

Penalty Kill - 3 Players Defense
   Defense                  Defense                  Time % Phy DF OF 
 1 Alex Pietrangelo         Cody Ceci                60     1   2  2  
 2 Jake Gardiner            Yann Sauvé               40     1   2  2  

4 vs 4 Forward 
   Center                   Wing                     Time % Phy DF OF 
 1 Nicklas Backstrom        David Perron             60     1   2  2  
 2 Travis Zajac             Jordan Eberle            40     1   2  2  

4 vs 4 Defense
   Defense                  Defense                  Time % Phy DF OF 
 1 Alex Pietrangelo         Dougie Hamilton          60     1   2  2  
 2 Jake Gardiner            Yann Sauvé               40     1   2  2  

Last Minutes Offensive
   Center                   Left Wing                Right Wing               Defense                  Defense                  
   Nicklas Backstrom        David Perron             Jordan Eberle            Alex Pietrangelo         Jake Gardiner            

Last Minutes Defensive
   Center                   Left Wing                Right Wing               Defense                  Defense                  
   Travis Zajac             Linus Omark              Jordan Eberle            Yann Sauvé               Cody Ceci                

Goaltenders
Starting : Carey Price              
Backup : Pascal Leclaire          

Extra Forwards
Normal : Sam Gagner, Jesper Fast, Jordan Eberle - PP : Travis Zajac, Nicklas Backstrom - PK : Filip Forsberg
Extra Defensemen
Normal : Nick Leddy, Cody Ceci, Jake Gardiner - PP : Nick Leddy - PK : Nick Leddy, Jake Gardiner
Penalty Shots
David Perron, Jeff Skinner, Jordan Eberle, Nicklas Backstrom, Travis Zajac

Scratches
D.J King (Healthy), Tomas Plekanec (Healthy)

% Time on Ice - Stars

Lines # - Real PCT - Wanted PCT - Time Play
Normal Forward
1 - 35% - 40% - 14:43
2 - 31% - 30% - 13:08
3 - 22% - 20% - 9:14
4 - 13% - 10% - 5:20
Normal Defense
1 - 43% - 40% - 18:24
2 - 29% - 30% - 12:17
3 - 25% - 20% - 10:36
4 - 3% - 10% - 1:08
PP Forward
1 - 61% - 60% - 5:41
2 - 39% - 40% - 3:35
PP Defense
1 - 64% - 60% - 5:55
2 - 36% - 40% - 3:21
PK Forward
1 - 74% - 60% - 6:10
2 - 26% - 40% - 2:09
PK Defense
1 - 62% - 60% - 5:09
2 - 38% - 40% - 3:10
PK3 Forward
1 - 0% - 60%
2 - 0% - 40%
PK3 Defense
1 - 0% - 60%
2 - 0% - 40%
44 Forward
1 - 0% - 60%
2 - 0% - 40%
44 Defense
1 - 0% - 60%
2 - 0% - 40%
Last Minute Offensive  - 0:00
Last Minute Defensive  - 0:00
Total
Forward - 60:00
Defense - 60:00

% Time on Ice - Blues

Lines # - Real PCT - Wanted PCT - Time Play
Normal Forward
1 - 37% - 40% - 15:32
2 - 30% - 30% - 12:50
3 - 19% - 20% - 8:04
4 - 14% - 10% - 5:59
Normal Defense
1 - 44% - 40% - 18:49
2 - 30% - 30% - 12:45
3 - 20% - 20% - 8:20
4 - 6% - 10% - 2:31
PP Forward
1 - 60% - 60% - 4:59
2 - 40% - 40% - 3:20
PP Defense
1 - 69% - 60% - 5:42
2 - 31% - 40% - 2:37
PK Forward
1 - 77% - 60% - 7:07
2 - 23% - 40% - 2:09
PK Defense
1 - 67% - 60% - 6:12
2 - 33% - 40% - 3:04
PK3 Forward
1 - 0% - 60%
2 - 0% - 40%
PK3 Defense
1 - 0% - 60%
2 - 0% - 40%
44 Forward
1 - 0% - 60%
2 - 0% - 40%
44 Defense
1 - 0% - 60%
2 - 0% - 40%
Last Minute Offensive  - 0:00
Last Minute Defensive  - 0:00
Total
Forward - 60:00
Defense - 60:00

Play-by-Play

1st period


0:01 of 1st period - Nicklas Backstrom wins face-off versus John Tavares in neutral zone.
0:08 of 1st period - Wrist shot by David Perron.
0:08 of 1st period - Shot Blocked by Brian Lee.
0:15 of 1st period - Off-side.
0:16 of 1st period - Antoine Vermette wins face-off versus Sergei Shirokov in neutral zone.
0:43 of 1st period - Dougie Hamilton is hit by Cam Atkinson and loses puck.
0:50 of 1st period - Johnny Oduya is hit by Jeff Skinner and loses puck.
1:38 of 1st period - Off-side.
1:39 of 1st period - Travis Zajac wins face-off versus Antoine Vermette in neutral zone.
1:50 of 1st period - Slapshot by Alex Pietrangelo.
1:50 of 1st period - Stopped by Cory Schneider without a rebound.
1:51 of 1st period - Nicklas Backstrom wins face-off versus John Tavares in Stars zone.
1:54 of 1st period - Wrist shot by Jordan Eberle.
1:54 of 1st period - Deflect By Nicklas Backstrom.
1:54 of 1st period - Stopped by Cory Schneider without a rebound.
1:55 of 1st period - John Tavares wins face-off versus Nicklas Backstrom in Stars zone.
1:55 of 1st period - John Tavares is hit by Jordan Eberle.
2:03 of 1st period - Wrist shot by Guillaume Latendresse.
2:03 of 1st period - Stopped by Carey Price with a rebound.
2:09 of 1st period - Nicklas Backstrom is hit by Ian White and loses puck.
2:22 of 1st period - Patrick Kaleta is hit by Brian Lee.
2:25 of 1st period - Off-side.
2:26 of 1st period - Sam Gagner wins face-off versus Antoine Vermette in neutral zone.
2:37 of 1st period - Wrist shot by Jussi Jokinen.
2:37 of 1st period - Shot Blocked by Dougie Hamilton.
2:39 of 1st period - Wrist shot by Niklas Hjalmarsson.
2:39 of 1st period - Deflect By Jussi Jokinen.
2:39 of 1st period - Shot Blocked by Patrick Kaleta.
2:39 of 1st period - Puck is out of play.
2:40 of 1st period - Travis Zajac wins face-off versus Cory Emmerton in Blues zone.
3:10 of 1st period - Slapshot by Nicklas Backstrom.
3:10 of 1st period - Stopped by Cory Schneider with a rebound.
3:41 of 1st period - Wrist shot by Jussi Jokinen.
3:41 of 1st period - Shot Misses the Net.
3:47 of 1st period - Minor Penalty to Jeff Skinner for Cross-checking.
3:48 of 1st period - Travis Zajac wins face-off versus John Tavares in Blues zone.
4:15 of 1st period - Cody Ceci is hit by Jussi Jokinen and loses puck.
4:58 of 1st period - Brian Lee is hit by Cody Ceci and loses puck.
5:47 of 1st period - Penalty to Jeff Skinner is over, Jeff Skinner is back on ice.
5:57 of 1st period - Cody Ceci is hit by Antoine Vermette.
6:05 of 1st period - Wrist shot by David Perron.
6:05 of 1st period - Shot Misses the Net.
6:07 of 1st period - Slapshot by Jeff Skinner.
6:07 of 1st period - Stopped by Cory Schneider without a rebound.
6:08 of 1st period - Cory Emmerton wins face-off versus Drew Shore in Stars zone.
6:16 of 1st period - Off-side.
6:17 of 1st period - Drew Shore wins face-off versus John Tavares in neutral zone.
6:20 of 1st period - Slapshot by Linus Omark.
6:20 of 1st period - Stopped by Cory Schneider without a rebound.
6:21 of 1st period - Travis Zajac wins face-off versus John Tavares in Stars zone.
6:29 of 1st period - Minor Penalty to Brian Lee for Hooking.
6:30 of 1st period - Filip Forsberg wins face-off versus John Tavares in Stars zone.
6:34 of 1st period - Wrist shot by Nicklas Backstrom.
6:34 of 1st period - Stopped by Cory Schneider with a rebound.
7:05 of 1st period - Icing by Alex Pietrangelo.
7:06 of 1st period - Nicklas Backstrom wins face-off versus Jussi Jokinen in Blues zone.
8:29 of 1st period - Penalty to Brian Lee is over, Brian Lee is back on ice.
9:17 of 1st period - Wrist shot by Cory Emmerton.
9:17 of 1st period - Stopped by Carey Price with a rebound.
9:19 of 1st period - Wrist shot by Alexander Frolov.
9:19 of 1st period - Stopped by Carey Price with a rebound.
9:21 of 1st period - Wrist shot by Cory Emmerton.
9:21 of 1st period - Shot Misses the Net.
9:35 of 1st period - Boris Valabik is hit by David Perron and loses puck.
9:53 of 1st period - Wrist shot by Drew Shore.
9:53 of 1st period - Stopped by Cory Schneider with a rebound.
10:07 of 1st period - Antoine Vermette is hit by Dougie Hamilton.
10:13 of 1st period - Wrist shot by Jussi Jokinen.
10:13 of 1st period - Stopped by Carey Price with a rebound.
10:32 of 1st period - Cody Ceci is hit by Antoine Vermette and loses puck.
10:51 of 1st period - Slapshot by Nicklas Backstrom.
10:51 of 1st period - Shot Blocked by Niklas Hjalmarsson.
10:51 of 1st period - Niklas Hjalmarsson from Stars is injured at 10:51 of 1st period (Upper Body).
10:52 of 1st period - Nicklas Backstrom wins face-off versus John Tavares in Stars zone.
11:05 of 1st period - Wrist shot by Nicklas Backstrom.
11:05 of 1st period - Shot Misses the Net.
11:45 of 1st period - Wrist shot by Jussi Jokinen.
11:45 of 1st period - Shot Blocked by Dougie Hamilton.
11:47 of 1st period - Snap shot by Antoine Vermette.
11:47 of 1st period - Deflect By Jussi Jokinen.
11:47 of 1st period - Stopped by Carey Price with a rebound.
11:49 of 1st period - Wrist shot by Jussi Jokinen.
11:49 of 1st period - Shot Misses the Net.
13:12 of 1st period - Off-side.
13:13 of 1st period - Alex Chiasson wins face-off versus Nicklas Backstrom in neutral zone.
13:22 of 1st period - Snap shot by David Perron.
13:22 of 1st period - Stopped by Cory Schneider with a rebound.
13:24 of 1st period - Wrist shot by David Perron.
13:24 of 1st period - Stopped by Cory Schneider with a rebound.
13:26 of 1st period - Wrist shot by Cody Ceci.
13:26 of 1st period - Stopped by Cory Schneider without a rebound.
13:27 of 1st period - Travis Zajac wins face-off versus John Tavares in Stars zone.
13:40 of 1st period - Wrist shot by Travis Zajac.
13:40 of 1st period - Shot Blocked by Boris Valabik.
13:42 of 1st period - Snap shot by Travis Zajac.
13:42 of 1st period - Shot Misses the Net.
13:44 of 1st period - Slapshot by Alex Pietrangelo.
13:44 of 1st period - Stopped by Cory Schneider without a rebound.
13:45 of 1st period - Antoine Vermette wins face-off versus Nicklas Backstrom in Stars zone.
13:54 of 1st period - Slapshot by Ian White.
13:54 of 1st period - Stopped by Carey Price without a rebound.
13:55 of 1st period - Nicklas Backstrom wins face-off versus Antoine Vermette in Blues zone.
13:57 of 1st period - Icing by Alex Pietrangelo.
13:58 of 1st period - John Tavares wins face-off versus Nicklas Backstrom in Blues zone.
14:25 of 1st period - Cam Atkinson is hit by Filip Forsberg and loses puck.
14:31 of 1st period - Off-side.
14:32 of 1st period - Travis Zajac wins face-off versus Michael Grabner in neutral zone.
15:55 of 1st period - Snap shot by Sam Gagner.
15:55 of 1st period - Shot Misses the Net.
16:34 of 1st period - Snap shot by John Tavares.
16:34 of 1st period - Stopped by Carey Price without a rebound.
16:35 of 1st period - Antoine Vermette wins face-off versus Travis Zajac in Blues zone.
16:38 of 1st period - Wrist shot by Antoine Vermette.
16:38 of 1st period - Stopped by Carey Price without a rebound.
16:39 of 1st period - Travis Zajac wins face-off versus Antoine Vermette in Blues zone.
16:39 of 1st period - Travis Zajac is hit by Alex Chiasson.
17:07 of 1st period - Snap shot by Sam Gagner.
17:07 of 1st period - Stopped by Cory Schneider with a rebound.
17:21 of 1st period - Slapshot by Jussi Jokinen.
17:21 of 1st period - Stopped by Carey Price without a rebound.
17:22 of 1st period - John Tavares wins face-off versus Nicklas Backstrom in Blues zone.
17:37 of 1st period - John Tavares is hit by Jordan Eberle and loses puck.
18:02 of 1st period - Snap shot by Cam Atkinson.
18:02 of 1st period - Shot Misses the Net.
18:37 of 1st period - Alex Chiasson is hit by David Perron and loses puck.
18:50 of 1st period - Backhand shot by Alex Pietrangelo.
18:50 of 1st period - Shot Blocked by Ian White.
19:34 of 1st period - Snap shot by John Tavares.
19:34 of 1st period - Shot Blocked by Dougie Hamilton.
19:54 of 1st period - Snap shot by Patrick Kaleta.
19:54 of 1st period - Shot Misses the Net.
19:56 of 1st period - Snap shot by Sam Gagner.
19:56 of 1st period - Shot Misses the Net.
Goals for this period are 0 for Stars vs 0 for Blues.
Shots for this period are 9 for Stars vs 12 for Blues.

2nd period


0:01 of 2nd period - Nicklas Backstrom wins face-off versus John Tavares in neutral zone.
0:32 of 2nd period - Icing by Alex Pietrangelo.
0:33 of 2nd period - Filip Forsberg wins face-off versus John Tavares in Blues zone.
0:54 of 2nd period - Wrist shot by Sergei Shirokov.
0:54 of 2nd period - Stopped by Cory Schneider without a rebound.
0:55 of 2nd period - Nicklas Backstrom wins face-off versus Antoine Vermette in Stars zone.
1:08 of 2nd period - Snap shot by David Perron.
1:08 of 2nd period - Stopped by Cory Schneider without a rebound.
1:09 of 2nd period - Nicklas Backstrom wins face-off versus John Tavares in Stars zone.
1:29 of 2nd period - Minor Penalty to Michael Grabner for Hooking.
1:30 of 2nd period - Nicklas Backstrom wins face-off versus Guillaume Latendresse in Stars zone.
1:46 of 2nd period - Snap shot by Nicklas Backstrom.
1:46 of 2nd period - Goal by Nicklas Backstrom - Stars : 0 - Blues : 1.
1:47 of 2nd period - John Tavares wins face-off versus Nicklas Backstrom in neutral zone.
1:52 of 2nd period - Wrist shot by John Tavares.
1:52 of 2nd period - Stopped by Carey Price without a rebound.
1:53 of 2nd period - John Tavares wins face-off versus Jordan Eberle in Blues zone.
1:55 of 2nd period - Minor Penalty to David Perron for Roughing.
1:56 of 2nd period - Travis Zajac wins face-off versus John Tavares in Blues zone.
2:04 of 2nd period - Travis Zajac is hit by Guillaume Latendresse and loses puck.
2:31 of 2nd period - Snap shot by Alex Chiasson.
2:31 of 2nd period - Shot Hit the Post.
2:33 of 2nd period - Slapshot by Ian White.
2:33 of 2nd period - Stopped by Carey Price with a rebound.
2:35 of 2nd period - Backhand shot by Brian Lee.
2:35 of 2nd period - Shot Blocked by Alex Pietrangelo.
2:37 of 2nd period - Snap shot by Antoine Vermette.
2:37 of 2nd period - Stopped by Carey Price without a rebound.
2:38 of 2nd period - John Tavares wins face-off versus Travis Zajac in Blues zone.
2:51 of 2nd period - Drew Shore is hit by Alex Chiasson and loses puck.
3:02 of 2nd period - Travis Zajac is hit by Antoine Vermette and loses puck.
3:44 of 2nd period - Guillaume Latendresse is hit by Jeff Skinner and loses puck.
3:55 of 2nd period - Penalty to David Perron is over, David Perron is back on ice.
4:01 of 2nd period - Backhand shot by Cam Atkinson.
4:01 of 2nd period - Shot Misses the Net.
4:03 of 2nd period - Slapshot by Tyson Barrie.
4:03 of 2nd period - Stopped by Carey Price with a rebound.
4:05 of 2nd period - Slapshot by Cam Atkinson.
4:05 of 2nd period - Stopped by Carey Price without a rebound.
4:06 of 2nd period - Drew Shore wins face-off versus Cory Emmerton in Blues zone.
4:18 of 2nd period - Alexander Frolov is hit by Drew Shore and loses puck.
4:39 of 2nd period - Minor Penalty to Dougie Hamilton for Holding.
4:40 of 2nd period - Travis Zajac wins face-off versus John Tavares in Blues zone.
5:38 of 2nd period - Jake Gardiner is hit by Guillaume Latendresse and loses puck.
6:33 of 2nd period - Alex Pietrangelo is hit by John Tavares and loses puck.
6:39 of 2nd period - Penalty to Dougie Hamilton is over, Dougie Hamilton is back on ice.
7:28 of 2nd period - Evgeny Grachev is hit by Sergei Shirokov and loses puck.
7:35 of 2nd period - Wrist shot by Sergei Shirokov.
7:35 of 2nd period - Deflect By Ian White.
7:35 of 2nd period - Stopped by Cory Schneider without a rebound.
7:36 of 2nd period - Antoine Vermette wins face-off versus Jesper Fast in Stars zone.
8:59 of 2nd period - Jesper Fast is hit by Alexander Frolov and loses puck.
9:52 of 2nd period - David Perron is hit by Alexander Frolov and loses puck.
10:23 of 2nd period - Wrist shot by Filip Forsberg.
10:23 of 2nd period - Shot Misses the Net.
10:41 of 2nd period - Snap shot by Drew Shore.
10:41 of 2nd period - Stopped by Cory Schneider without a rebound.
10:42 of 2nd period - John Tavares wins face-off versus Nicklas Backstrom in Stars zone.
10:47 of 2nd period - Wrist shot by Jordan Eberle.
10:47 of 2nd period - Stopped by Cory Schneider with a rebound.
10:49 of 2nd period - Slapshot by Alex Pietrangelo.
10:49 of 2nd period - Stopped by Cory Schneider without a rebound.
10:50 of 2nd period - Nicklas Backstrom wins face-off versus John Tavares in Stars zone.
10:53 of 2nd period - Snap shot by David Perron.
10:53 of 2nd period - Stopped by Cory Schneider without a rebound.
10:54 of 2nd period - Nicklas Backstrom wins face-off versus John Tavares in Stars zone.
11:01 of 2nd period - Snap shot by Nicklas Backstrom.
11:01 of 2nd period - Shot Misses the Net.
11:07 of 2nd period - Wrist shot by Michael Grabner.
11:07 of 2nd period - Shot Misses the Net.
11:09 of 2nd period - Slapshot by Michael Grabner.
11:09 of 2nd period - Shot Blocked by David Perron.
11:11 of 2nd period - Wrist shot by John Tavares.
11:11 of 2nd period - Stopped by Carey Price without a rebound.
11:12 of 2nd period - Filip Forsberg wins face-off versus Antoine Vermette in Blues zone.
11:19 of 2nd period - Snap shot by Jussi Jokinen.
11:19 of 2nd period - Shot Misses the Net.
11:39 of 2nd period - John Tavares is hit by Cody Ceci and loses puck.
11:48 of 2nd period - Wrist shot by Nicklas Backstrom.
11:48 of 2nd period - Stopped by Cory Schneider without a rebound.
11:49 of 2nd period - Nicklas Backstrom wins face-off versus John Tavares in Stars zone.
11:56 of 2nd period - Slapshot by Boris Valabik.
11:56 of 2nd period - Shot Misses the Net.
12:25 of 2nd period - Snap shot by Sergei Shirokov.
12:25 of 2nd period - Stopped by Cory Schneider with a rebound.
12:27 of 2nd period - Snap shot by Filip Forsberg.
12:27 of 2nd period - Stopped by Cory Schneider with a rebound.
12:37 of 2nd period - Snap shot by Jussi Jokinen.
12:37 of 2nd period - Stopped by Carey Price with a rebound.
13:13 of 2nd period - Slapshot by Cory Emmerton.
13:13 of 2nd period - Shot Misses the Net.
13:15 of 2nd period - Slapshot by Brian Lee.
13:15 of 2nd period - Stopped by Carey Price with a rebound.
13:17 of 2nd period - Slapshot by Brian Lee.
13:17 of 2nd period - Shot Misses the Net.
13:19 of 2nd period - Snap shot by Cam Atkinson.
13:19 of 2nd period - Stopped by Carey Price without a rebound.
13:20 of 2nd period - Travis Zajac wins face-off versus John Tavares in Blues zone.
13:26 of 2nd period - Off-side.
13:27 of 2nd period - Travis Zajac wins face-off versus John Tavares in neutral zone.
13:36 of 2nd period - Off-side.
13:37 of 2nd period - Nicklas Backstrom wins face-off versus John Tavares in neutral zone.
14:04 of 2nd period - Alex Pietrangelo is hit by Antoine Vermette and loses puck.
14:11 of 2nd period - Slapshot by Alex Chiasson.
14:11 of 2nd period - Stopped by Carey Price without a rebound.
14:12 of 2nd period - Travis Zajac wins face-off versus John Tavares in Blues zone.
14:27 of 2nd period - Snap shot by Travis Zajac.
14:27 of 2nd period - Stopped by Cory Schneider with a rebound.
14:29 of 2nd period - Slapshot by Nick Leddy.
14:29 of 2nd period - Deflect By Sergei Shirokov.
14:29 of 2nd period - Shot Blocked by Boris Valabik.
14:29 of 2nd period - Puck is out of play.
14:30 of 2nd period - Nicklas Backstrom wins face-off versus Antoine Vermette in Stars zone.
14:31 of 2nd period - Wrist shot by David Perron.
14:31 of 2nd period - Shot Misses the Net.
14:33 of 2nd period - Slapshot by Alex Pietrangelo.
14:33 of 2nd period - Stopped by Cory Schneider without a rebound.
14:34 of 2nd period - Nicklas Backstrom wins face-off versus Jussi Jokinen in Stars zone.
15:03 of 2nd period - Snap shot by Guillaume Latendresse.
15:03 of 2nd period - Shot Misses the Net.
15:29 of 2nd period - Slapshot by Jake Gardiner.
15:29 of 2nd period - Stopped by Cory Schneider without a rebound.
15:30 of 2nd period - Antoine Vermette wins face-off versus Nicklas Backstrom in Stars zone.
16:07 of 2nd period - Wrist shot by John Tavares.
16:07 of 2nd period - Deflect By Dougie Hamilton.
16:07 of 2nd period - Shot Misses the Net.
16:07 of 2nd period - Puck is out of play.
16:08 of 2nd period - Patrick Kaleta wins face-off versus Antoine Vermette in Blues zone.
16:21 of 2nd period - Snap shot by Patrick Kaleta.
16:21 of 2nd period - Stopped by Cory Schneider with a rebound.
16:23 of 2nd period - Snap shot by Jeff Skinner.
16:23 of 2nd period - Stopped by Cory Schneider with a rebound.
16:35 of 2nd period - Boris Valabik is hit by David Perron and loses puck.
17:18 of 2nd period - Wrist shot by Evgeny Grachev.
17:18 of 2nd period - Shot Misses the Net.
18:25 of 2nd period - Snap shot by Filip Forsberg.
18:25 of 2nd period - Shot Misses the Net.
19:12 of 2nd period - Wrist shot by Linus Omark.
19:12 of 2nd period - Stopped by Cory Schneider without a rebound.
19:13 of 2nd period - John Tavares wins face-off versus Nicklas Backstrom in Stars zone.
19:18 of 2nd period - David Perron is hit by Guillaume Latendresse and loses puck.
19:50 of 2nd period - Icing by Dougie Hamilton.
19:51 of 2nd period - John Tavares wins face-off versus Travis Zajac in Blues zone.
19:54 of 2nd period - Wrist shot by Guillaume Latendresse.
19:54 of 2nd period - Shot Misses the Net.
Goals for this period are 0 for Stars vs 1 for Blues.
Shots for this period are 10 for Stars vs 17 for Blues.

3rd period


0:01 of 3rd period - Nicklas Backstrom wins face-off versus John Tavares in neutral zone.
0:16 of 3rd period - Wrist shot by Jordan Eberle.
0:16 of 3rd period - Stopped by Cory Schneider without a rebound.
0:17 of 3rd period - Travis Zajac wins face-off versus Antoine Vermette in Stars zone.
0:44 of 3rd period - Ian White is hit by Alex Pietrangelo and loses puck.
1:13 of 3rd period - Wrist shot by John Tavares.
1:13 of 3rd period - Goal by John Tavares - Stars : 1 - Blues : 1.
1:14 of 3rd period - Nicklas Backstrom wins face-off versus John Tavares in neutral zone.
1:25 of 3rd period - Icing by Jordan Eberle.
1:26 of 3rd period - John Tavares wins face-off versus Nicklas Backstrom in Blues zone.
1:29 of 3rd period - Wrist shot by John Tavares.
1:29 of 3rd period - Shot Misses the Net.
1:31 of 3rd period - Wrist shot by John Tavares.
1:31 of 3rd period - Shot Misses the Net.
1:39 of 3rd period - Slapshot by John Tavares.
1:39 of 3rd period - Stopped by Carey Price with a rebound.
1:41 of 3rd period - Slapshot by Johnny Oduya.
1:41 of 3rd period - Deflect By Guillaume Latendresse.
1:41 of 3rd period - Shot Misses the Net.
1:41 of 3rd period - Puck is out of play.
1:42 of 3rd period - Travis Zajac wins face-off versus Antoine Vermette in Blues zone.
1:51 of 3rd period - Snap shot by Sergei Shirokov.
1:51 of 3rd period - Stopped by Cory Schneider without a rebound.
1:52 of 3rd period - Antoine Vermette wins face-off versus Travis Zajac in Stars zone.
1:52 of 3rd period - Antoine Vermette is hit by Sergei Shirokov.
3:00 of 3rd period - Wrist shot by Antoine Vermette.
3:00 of 3rd period - Shot Misses the Net.
3:02 of 3rd period - Snap shot by Jussi Jokinen.
3:02 of 3rd period - Deflect By Alex Chiasson.
3:02 of 3rd period - Stopped by Carey Price without a rebound.
3:03 of 3rd period - Nicklas Backstrom wins face-off versus John Tavares in Blues zone.
3:05 of 3rd period - Minor Penalty to David Perron for Tripping.
3:06 of 3rd period - Travis Zajac wins face-off versus John Tavares in Blues zone.
5:05 of 3rd period - Penalty to David Perron is over, David Perron is back on ice.
5:24 of 3rd period - Alexander Frolov is hit by Drew Shore and loses puck.
5:39 of 3rd period - Snap shot by Evgeny Grachev.
5:39 of 3rd period - Stopped by Carey Price without a rebound.
5:40 of 3rd period - Nicklas Backstrom wins face-off versus Evgeny Grachev in Blues zone.
5:53 of 3rd period - Minor Penalty to B.J. Crombeen for High sticking.
5:54 of 3rd period - John Tavares wins face-off versus Sam Gagner in Stars zone.
7:53 of 3rd period - Penalty to B.J. Crombeen is over, B.J. Crombeen is back on ice.
7:59 of 3rd period - Snap shot by Drew Shore.
7:59 of 3rd period - Stopped by Cory Schneider without a rebound.
8:00 of 3rd period - Evgeny Grachev wins face-off versus Drew Shore in Stars zone.
8:02 of 3rd period - Icing by Boris Valabik.
8:03 of 3rd period - Jesper Fast wins face-off versus Evgeny Grachev in Stars zone.
8:32 of 3rd period - Snap shot by John Tavares.
8:32 of 3rd period - Stopped by Carey Price with a rebound.
8:34 of 3rd period - Slapshot by Tyson Barrie.
8:34 of 3rd period - Shot Misses the Net.
8:36 of 3rd period - Slapshot by Tyson Barrie.
8:36 of 3rd period - Stopped by Carey Price without a rebound.
8:37 of 3rd period - Michael Grabner wins face-off versus Nicklas Backstrom in Blues zone.
8:41 of 3rd period - Minor Penalty to Jordan Eberle for Cross-checking.
8:42 of 3rd period - John Tavares wins face-off versus Travis Zajac in Blues zone.
8:50 of 3rd period - Slapshot by Brian Lee.
8:50 of 3rd period - Stopped by Carey Price with a rebound.
9:09 of 3rd period - Guillaume Latendresse is hit by Jeff Skinner and loses puck.
9:20 of 3rd period - Slapshot by Alex Chiasson.
9:20 of 3rd period - Stopped by Carey Price with a rebound.
9:22 of 3rd period - Backhand shot by Brian Lee.
9:22 of 3rd period - Stopped by Carey Price without a rebound.
9:23 of 3rd period - Drew Shore wins face-off versus Antoine Vermette in Blues zone.
9:35 of 3rd period - Slapshot by Boris Valabik.
9:35 of 3rd period - Stopped by Carey Price without a rebound.
9:36 of 3rd period - Travis Zajac wins face-off versus John Tavares in Blues zone.
9:51 of 3rd period - Snap shot by John Tavares.
9:51 of 3rd period - Shot Blocked by Cody Ceci.
9:53 of 3rd period - Slapshot by Ian White.
9:53 of 3rd period - Deflect By John Tavares.
9:53 of 3rd period - Shot Misses the Net.
9:53 of 3rd period - Puck is out of play.
9:54 of 3rd period - Jussi Jokinen wins face-off versus Travis Zajac in Blues zone.
9:55 of 3rd period - Wrist shot by Alex Chiasson.
9:55 of 3rd period - Shot Blocked by Alex Pietrangelo.
9:57 of 3rd period - Wrist shot by Antoine Vermette.
9:57 of 3rd period - Shot Misses the Net.
9:59 of 3rd period - Slapshot by Ian White.
9:59 of 3rd period - Shot Misses the Net.
10:01 of 3rd period - Snap shot by Jussi Jokinen.
10:01 of 3rd period - Goal by Jussi Jokinen - Stars : 2 - Blues : 1.
10:02 of 3rd period - Nicklas Backstrom wins face-off versus Guillaume Latendresse in neutral zone.
10:28 of 3rd period - Cody Ceci is hit by Jussi Jokinen.
10:49 of 3rd period - Off-side.
10:50 of 3rd period - Cory Emmerton wins face-off versus Sam Gagner in neutral zone.
10:59 of 3rd period - Slapshot by Jeff Skinner.
10:59 of 3rd period - Shot Blocked by Alexander Frolov.
11:01 of 3rd period - Slapshot by Jake Gardiner.
11:01 of 3rd period - Deflect By Sam Gagner.
11:01 of 3rd period - Stopped by Cory Schneider without a rebound.
11:02 of 3rd period - John Tavares wins face-off versus Nicklas Backstrom in Stars zone.
11:04 of 3rd period - Minor Penalty to Michael Grabner for Hooking.
11:05 of 3rd period - Nicklas Backstrom wins face-off versus John Tavares in Stars zone.
11:13 of 3rd period - Slapshot by Alex Pietrangelo.
11:13 of 3rd period - Shot Blocked by Ian White.
11:15 of 3rd period - Slapshot by Alex Pietrangelo.
11:15 of 3rd period - Stopped by Cory Schneider with a rebound.
11:17 of 3rd period - Snap shot by Jake Gardiner.
11:17 of 3rd period - Stopped by Cory Schneider with a rebound.
11:19 of 3rd period - Wrist shot by Filip Forsberg.
11:19 of 3rd period - Deflect By Nicklas Backstrom.
11:19 of 3rd period - Shot Misses the Net.
11:19 of 3rd period - Puck is out of play.
11:20 of 3rd period - Nicklas Backstrom wins face-off versus John Tavares in Stars zone.
11:21 of 3rd period - Wrist shot by Jordan Eberle.
11:21 of 3rd period - Stopped by Cory Schneider without a rebound.
11:22 of 3rd period - Nicklas Backstrom wins face-off versus John Tavares in Stars zone.
11:29 of 3rd period - Wrist shot by Nicklas Backstrom.
11:29 of 3rd period - Goal by Nicklas Backstrom - Stars : 2 - Blues : 2.
11:30 of 3rd period - John Tavares wins face-off versus Nicklas Backstrom in neutral zone.
11:52 of 3rd period - Minor Penalty to Brian Lee for Holding.
11:53 of 3rd period - Nicklas Backstrom wins face-off versus John Tavares in Stars zone.
12:06 of 3rd period - Snap shot by Filip Forsberg.
12:06 of 3rd period - Deflect By Nicklas Backstrom.
12:06 of 3rd period - Stopped by Cory Schneider without a rebound.
12:07 of 3rd period - Nicklas Backstrom wins face-off versus Guillaume Latendresse in Stars zone.
12:08 of 3rd period - Slapshot by Alex Pietrangelo.
12:08 of 3rd period - Stopped by Cory Schneider without a rebound.
12:09 of 3rd period - John Tavares wins face-off versus Nicklas Backstrom in Stars zone.
12:36 of 3rd period - Ian White is hit by Jake Gardiner and loses puck.
13:29 of 3rd period - Boris Valabik is hit by Nicklas Backstrom and loses puck.
13:52 of 3rd period - Penalty to Brian Lee is over, Brian Lee is back on ice.
14:26 of 3rd period - Slapshot by Antoine Vermette.
14:26 of 3rd period - Shot Misses the Net.
14:28 of 3rd period - Slapshot by Jussi Jokinen.
14:28 of 3rd period - Shot Misses the Net.
14:30 of 3rd period - Slapshot by Johnny Oduya.
14:30 of 3rd period - Deflect By Cody Ceci.
14:30 of 3rd period - Stopped by Carey Price with a rebound.
14:32 of 3rd period - Wrist shot by Jussi Jokinen.
14:32 of 3rd period - Shot Misses the Net.
14:34 of 3rd period - Snap shot by Johnny Oduya.
14:34 of 3rd period - Deflect By Alex Chiasson.
14:34 of 3rd period - Goal by Alex Chiasson - Stars : 3 - Blues : 2.
14:35 of 3rd period - John Tavares wins face-off versus Nicklas Backstrom in neutral zone.
14:38 of 3rd period - Slapshot by Ian White.
14:38 of 3rd period - Deflect By Alex Pietrangelo.
14:38 of 3rd period - Stopped by Carey Price with a rebound.
14:51 of 3rd period - Slapshot by Brian Lee.
14:51 of 3rd period - Stopped by Carey Price with a rebound.
15:07 of 3rd period - Snap shot by Cory Emmerton.
15:07 of 3rd period - Deflect By Cam Atkinson.
15:07 of 3rd period - Shot Blocked by Sergei Shirokov.
15:07 of 3rd period - Puck is out of play.
15:08 of 3rd period - Cory Emmerton wins face-off versus Travis Zajac in Blues zone.
15:21 of 3rd period - Alexander Frolov is hit by Filip Forsberg and loses puck.
15:30 of 3rd period - Snap shot by Travis Zajac.
15:30 of 3rd period - Shot Misses the Net.
15:32 of 3rd period - Slapshot by Yann Sauvé.
15:32 of 3rd period - Shot Misses the Net.
16:06 of 3rd period - Wrist shot by Filip Forsberg.
16:06 of 3rd period - Shot Hit the Post.
16:08 of 3rd period - Snap shot by Sergei Shirokov.
16:08 of 3rd period - Shot Misses the Net.
16:10 of 3rd period - Wrist shot by Sergei Shirokov.
16:10 of 3rd period - Stopped by Cory Schneider without a rebound.
16:11 of 3rd period - John Tavares wins face-off versus Sam Gagner in Stars zone.
16:11 of 3rd period - John Tavares is hit by Sam Gagner.
16:43 of 3rd period - Snap shot by Ted Purcell.
16:43 of 3rd period - Shot Hit the Post.
16:45 of 3rd period - Snap shot by B.J. Crombeen.
16:45 of 3rd period - Shot Misses the Net.
16:47 of 3rd period - Snap shot by Ian White.
16:47 of 3rd period - Deflect By Jordan Eberle.
16:47 of 3rd period - Stopped by Carey Price without a rebound.
16:48 of 3rd period - Sam Gagner wins face-off versus John Tavares in Blues zone.
16:55 of 3rd period - Patrick Kaleta is hit by Michael Grabner and loses puck.
17:39 of 3rd period - Off-side.
17:40 of 3rd period - Nicklas Backstrom wins face-off versus Antoine Vermette in neutral zone.
17:49 of 3rd period - Alex Chiasson is hit by Dougie Hamilton.
17:57 of 3rd period - Wrist shot by Antoine Vermette.
17:57 of 3rd period - Goal by Antoine Vermette - Stars : 4 - Blues : 2.
17:58 of 3rd period - Jeff Skinner wins face-off versus Cory Emmerton in neutral zone.
18:00 of 3rd period - Alex Pietrangelo is hit by Brian Lee and loses puck.
18:05 of 3rd period - Snap shot by Jeff Skinner.
18:05 of 3rd period - Shot Blocked by Brian Lee.
18:19 of 3rd period - Minor Penalty to Alexander Frolov for Hooking.
18:20 of 3rd period - John Tavares wins face-off versus Nicklas Backstrom in Stars zone.
18:31 of 3rd period - Slapshot by Alex Pietrangelo.
18:31 of 3rd period - Shot Misses the Net.
18:35 of 3rd period - Backhand shot by Nicklas Backstrom.
18:35 of 3rd period - Stopped by Cory Schneider with a rebound.
19:31 of 3rd period - Snap shot by Jussi Jokinen.
19:31 of 3rd period - Stopped by Carey Price with a rebound.
19:34 of 3rd period - Icing by Nick Leddy.
19:35 of 3rd period - Sam Gagner wins face-off versus Jussi Jokinen in Blues zone.
Goals for this period are 4 for Stars vs 1 for Blues.
Shots for this period are 18 for Stars vs 12 for Blues.